AoeStats
← xuan

QS Arena

503591581Analyzed
4v4 RM · 1mo ago on Sep 1, 2026· 44m 8s· 8 players
Game mode
Random Map
Map size
Large (8 player)
Population
200
Speed
Normal
Resources
Standard
Victory
Conquest
Starting age
Dark Age
Ending age
Imperial Age
RankedLock teamsTeams togetherTeam positionsShared explorationLock speedFull tech treeHidden civsTurbo modeCheats
Victory
Defeat
🇪🇸 Bulgarians · Spain
875
+13
🇩🇰 Saracens · Denmark
822
+15
🇵🇱 Inca · Poland
820
+15
🇨🇳 Spanish · China
604
+24
🇹🇼 Persians · Taiwan
887
-32
🇮🇩 Maya · Indonesia
823
-18
🇨🇳 Khmer · China
780
-16
🇦🇷 Franks · Argentina
734
-14
观月
1:11 Loom
11:22 Feudal Age
15:15 Castle Age
13:05 Double-Bit Axe
15:17 Stone Mining
15:17 Gold Mining
17:53 Bow Saw
19:23 Wheelbarrow
22:23 Hand Cart
小芃芃
9:45 Feudal Age
17:16 Castle Age
16:15 Double-Bit Axe
18:31 Bow Saw
19:26 Stone Mining
19:26 Gold Mining
21:25 Gold Shaft Mining
21:34 Wheelbarrow
24:21 Hand Cart
29:38 Scale Barding Armor
29:44 Forging
31:51 Husbandry
35:43 Chain Barding Armor
35:59 Iron Casting
xuan
8:29 Feudal Age
10:08 Double-Bit Axe
17:15 Gold Mining
19:01 Wheelbarrow
20:54 Castle Age
21:52 Thumb Ring
21:10 Crossbowman
22:09 Bloodlines
21:56 Arson
22:12 Squires
22:32 Bow Saw
23:03 Gold Shaft Mining
22:10 Horse Collar
22:38 Stone Mining
24:14 Stone Shaft Mining
24:28 Town Watch
25:21 Wheelbarrow
28:16 Hand Cart
33:15 Heavy Plow
34:33 Kamandaran
40:20 Imperial Age
38:06 Husbandry
38:13 Fletching
40:21 Bodkin Arrow
40:51 Ballistics
41:23 Conscription
44:38 Chemistry
ddmgsxis89228
7:55 Feudal Age
16:53 Castle Age
15:18 Fletching
15:30 Padded Archer Armor
15:47 Double-Bit Axe
18:45 Bow Saw
20:26 Crossbowman
24:12 Bodkin Arrow
27:16 Thumb Ring
31:45 Imperial Age
29:54 Wheelbarrow
29:05 Town Watch
30:40 Leather Archer Armor
30:15 Loom
30:18 Elite Skirmisher
31:00 Gold Mining
31:02 Stone Mining
31:36 Hul'che Javelineers
Like_2_win2
9:30 Feudal Age
10:47 Wheelbarrow
9:58 Horse Collar
10:13 Double-Bit Axe
16:36 Castle Age
15:00 Gold Mining
16:05 Stone Mining
17:55 Heavy Plow
18:15 Hand Cart
18:26 Bow Saw
21:19 Town Watch
29:40 Gold Shaft Mining
34:09 Imperial Age
32:29 Town Patrol
34:12 Elite Mameluke
34:33 Capped Ram
35:52 Bloodlines
35:03 Heavy Camel Rider
37:28 Husbandry
38:43 Conscription
39:43 Forging
39:34 Padded Archer Armor
40:45 Counterweights
44:27 Bimaristan
44:58 Iron Casting
45:29 Chemistry
superpandaby
9:43 Feudal Age
10:45 Double-Bit Axe
12:53 Horse Collar
17:16 Castle Age
15:42 Stone Mining
15:43 Gold Mining
15:51 Fletching
16:11 Forging
16:02 Scale Mail Armor
16:08 Scale Barding Armor
16:52 Bloodlines
16:54 Arson
18:19 Heavy Plow
20:05 Stone Shaft Mining
21:50 Bow Saw
27:00 Murder Holes
33:54 Imperial Age
33:17 Ballistics
33:08 Masonry
32:56 Bodkin Arrow
34:58 Stirrups
35:31 Husbandry
36:44 Bracer
36:36 Gambesons
36:53 Squires
38:08 Chain Barding Armor
38:04 Chain Mail Armor
38:24 Iron Casting
38:33 Gold Shaft Mining
39:12 Crop Rotation
39:55 Plate Mail Armor
40:00 Plate Barding Armor
39:58 Architecture
41:13 Blast Furnace
41:21 Siege Engineers
43:22 Bagains
🛸
0:55 Loom
9:09 Feudal Age
9:56 Horse Collar
11:10 Double-Bit Axe
12:12 Wheelbarrow
20:01 Castle Age
19:47 Gold Mining
19:50 Stone Mining
21:20 Hand Cart
21:20 Bow Saw
22:07 Heavy Plow
24:48 Gold Shaft Mining
24:52 Stone Shaft Mining
29:49 Forging
29:31 Fletching
29:42 Scale Mail Armor
35:47 Imperial Age
37:35 Conscription
37:40 Fabric Shields
37:01 Elite Kamayuk
DrakeTheThief
0:34 Loom
8:08 Feudal Age
17:07 Castle Age
15:26 Horse Collar
15:35 Double-Bit Axe
15:49 Stone Mining
15:51 Gold Mining
25:55 Imperial Age
24:22 Ballistics
26:44 Heavy Plow
28:20 Conscription
29:23 Herbal Medicine
31:15 Hoardings
32:03 Bow Saw
34:12 Squires
33:33 Pikeman
34:41 Cavalier
35:23 Husbandry
35:33 Bloodlines
37:48 Elite Conquistador
38:25 Arrowslits
39:40 Chemistry
39:49 Wheelbarrow
38:59 Town Watch
39:54 Wheelbarrow
45:02 Two-Man Saw
44:22 Hand Cart
43:52 Town Watch
Connection lost

Rejoining the realm…

Still unreachable

The connection could not be restored.

Session expired

The server has moved on; the page needs a fresh start.